 Dungeon Crawl Stone Soup version 0.17.1-3-g152610e (webtiles) character file.

140 juanjsm the Digger (level 5, -2/44 HPs)
             Began as a Deep Dwarf Earth Elementalist on Mar 3, 2016.
             Was a Follower of Ashenzari.
             Slain by kaze's ghost (18 damage)
             ... on level 3 of the Dungeon.
             The game lasted 00:53:08 (3356 turns).

juanjsm the Digger (Deep Dwarf Earth Elementalist)  Turns: 3356, Time: 00:53:08

Health: -2/44      AC:  5    Str: 12    XL:     5   Next: 2%
Magic:  3/7        EV: 13    Int: 16    God:    Ashenzari [*.....]
Gold:   110        SH:  0    Dex: 13    Spells: 3 memorised, 2 levels left

rFire  . . .     SeeInvis .     y - -3 mace (curse)
rCold  . . .     Clarity  .     a - +0 robe
rNeg   . . .     SustAt   .     (no shield)
rPois  .         Gourm    .     (no helmet)
rElec  .         Spirit   .     (no cloak)
rCorr  .         Warding  .     r - +0 pair of gloves
rMut   .         Stasis   .     (no boots)
MR     .....                    (no amulet)
Stlth  ++........               (no ring)
                                (no ring)

@: stone skin, very slightly contaminated, non-regenerating, not resistant to
hostile enchantments, unstealthy
A: damage resistance, recharge devices, sense surroundings 1, slow regeneration
3
a: Device Recharging, Scrying, Renounce Religion


You were on level 3 of the Dungeon.
You worshipped Ashenzari.
Ashenzari was aware of your devotion.
You were not hungry.

You visited 1 branch of the dungeon, and saw 4 of its levels.

You collected 110 gold pieces.

Inventory:

Hand Weapons
 y - a cursed -3 mace (weapon)
Missiles
 b - 110 stones (quivered)
 u - 20 sling bullets
Armour
 a - a +0 robe (worn)
 r - a +0 pair of gloves (worn)
Wands
 d - a wand of heal wounds (0)
Scrolls
 f - a scroll of fog {unknown}
 i - a scroll of enchant armour {unknown}
 k - 2 scrolls of immolation {unknown}
 l - 3 scrolls of remove curse
 o - a scroll of fear {unknown}
 t - a scroll of teleportation {unknown}
Potions
 g - a potion of experience {unknown}
 h - a potion of lignification {unknown}
 m - 2 potions of haste {unknown}
 n - 2 potions of brilliance {unknown}
 q - a potion of cancellation {unknown}
 s - a potion of flight {unknown}
 v - a potion of curing {unknown}
 B - a potion of berserk rage {unknown}
 C - a potion of agility {unknown}
Books
 c - a book of Geomancy

   Spells                             Type                      Level
   a - Sandblast                      Earth                        1
   b - Stoneskin                      Transmutation/Earth          2
   c - Passwall                       Transmutation/Earth          3
   d - Stone Arrow                    Conjuration/Earth            3
   e - Petrify                        Transmutation/Earth          4
   f - Lee's Rapid Deconstruction     Earth                        5
Comestibles
 e - 2 bread rations
 p - a meat ration


   Skills:
 + Level 1.0 Fighting
   Level 0.6 Short Blades
 + Level 1.5 Throwing
 + Level 2.8 Dodging
 + Level 2.9 Stealth
 + Level 2.4 Spellcasting
 + Level 0.8 Transmutations
 + Level 5.3 Earth Magic


You had 2 spell levels left.
You knew the following spells:

 Your Spells              Type           Power        Failure   Level  Hunger
a - Sandblast             Erth           ###...       2%          1    #......
b - Stoneskin             Trmt/Erth      ##......     10%         2    ###....
c - Passwall              Trmt/Erth      ##........   17%         3    ###....


Dungeon Overview and Level Annotations

Branches:
Dungeon (4/15)
 Temple: D:4-7

Altars:
Ashenzari
Okawaru
Ru

Annotations:
D:3 kaze's ghost, amateur TrBe


Innate Abilities, Weirdness & Mutations

You are resistant to damage.
You can recharge devices by infusing magical energy.
You passively map a small area around you.
You do not regenerate naturally.


Message History

Casting: Stoneskin
Confirm with . or Enter, or press ? or * to list all spells.
Aiming: Sandblast
Press: ? - help, Shift-Dir - straight line, f - kaze's ghost
Aim: kaze's ghost The blast of sand misses kaze's ghost.
Kaze's ghost barely misses you.
You closely miss kaze's ghost. Kaze's ghost hits you!
You closely miss kaze's ghost. Kaze's ghost barely misses you.
You hit kaze's ghost but do no damage. Kaze's ghost completely misses you.
Kaze's ghost hits you!
Casting: Sandblast
Confirm with . or Enter, or press ? or * to list all spells.
Aiming: Sandblast
Press: ? - help, Shift-Dir - straight line, f/p - kaze's ghost
Aim: kaze's ghost You miscast Sandblast.
You are very lightly contaminated with residual magic.
You are showered with tiny particles of grit.
Kaze's ghost hits you!!
You die...

# #.# #.# # #.#
####.# #
#.######....# #
#..........## #
########.#.# #
#.#.# # #.#.# #
#.#W# ##### #.#@##
....# #######....#
###.####........#.#
#...............#
######.##########
#.# #.# #.# #.#


You could see kaze's ghost.

Vanquished Creatures
  An orc priest (D:3)
  An orc wizard (D:3)
  An adder (D:3)
  6 worms
  2 giant geckos
  10 orcs
  A ball python (D:1)
  6 hobgoblins
  4 jackals
  3 bats
  6 giant cockroaches
  A giant newt (D:2)
  2 goblins (D:3)
  2 kobolds
  2 rats (D:2)
48 creatures vanquished.

Notes
Turn   | Place    | Note
--------------------------------------------------------------
     0 | D:1      | juanjsm the Deep Dwarf Earth Elementalist began the quest for the Orb.
     0 | D:1      | Reached XP level 1. HP: 15/15 MP: 3/3
   666 | D:1      | Reached XP level 2. HP: 20/22 MP: 0/4
   898 | D:1      | Learned a level 2 spell: Stoneskin
  1502 | D:3      | Reached XP level 3. HP: 23/30 MP: 0/5
  1515 | D:3      | Reached skill level 1 in Fighting
  1515 | D:3      | Reached skill level 1 in Throwing
  1561 | D:3      | Reached XP level 4. HP: 8/38 MP: 2/6
  1605 | D:3      | Found an iron altar of Okawaru.
  1753 | D:3      | Reached skill level 5 in Earth Magic
  1895 | D:3      | Learned a level 3 spell: Passwall
  1911 | D:3      | Noticed kaze's ghost (amateur TrBe)
  1932 | D:3      | HP: 1/38 [kaze's ghost (14)]
  2062 | D:3      | Found a faded altar to an unknown god.
  2095 | D:3      | Became a worshipper of Ashenzari the Shackled
  2095 | D:3      | Reached * piety under Ashenzari
  2752 | D:3      | Reached XP level 5. HP: 22/44 MP: 5/7
  2886 | D:3      | Found a sacrificial altar of Ru.
  3061 | D:3      | HP: 2/44 [kaze's ghost (15)]
  3356 | D:3      | Slain by kaze's ghost

Action                   |  1- 3 |  4- 6 || total
-------------------------+-------+-------++-------
Melee: Unarmed           |    27 |       ||    27
       Short sword       |    62 |    31 ||    93
       Mace              |       |    17 ||    17
Throw: Stone             |    72 |    59 ||   131
 Cast: Sandblast         |    29 |    42 ||    71
       Stoneskin         |       |     3 ||     3
 Abil: Device Recharging |     1 |       ||     1
Evoke: Wand              |     2 |     6 ||     8
  Use: Scroll            |       |     2 ||     2
  Eat: Chunk             |     3 |     1 ||     4
       Meat ration       |       |     1 ||     1
       Beef jerky        |       |     1 ||     1
